[ AOE2 MATCH · #475819506 ]
UnrankedKoreans vs Britons
Player's team · WIN
Rival team · LOSS
[ REPLAY ANALYSIS · EXTRACTED FROM THE RECORDED GAME ]
Feudal
10:31
Castle
19:32
Imperial
37:46
| APM avg | 45.4 |
| APM peak | 84 |
| eAPM avg | 19.2 |
| Villagers / military | 137 / 144 |
Focus
⚔️ 35.6% · 🌾 64.4%
Skirmisher ×79 · Archer ×43 · Battering Ram ×7 · Militia ×6 · Trebuchet (Packed) ×3 · Iron Pagoda ×2
Feudal
10:38
Castle
14:41
Imperial
39:59
| APM avg | 56.0 |
| APM peak | 91 |
| eAPM avg | 27.9 |
| Villagers / military | 160 / 96 |
Focus
⚔️ 27.6% · 🌾 72.4%
Longbowman ×85 · Mangonel ×10 · Monk ×1
Match map
Initial resources + every placement click. Lines = walls · curves = elevation contours. ◆ gold · ⬟ stone · ● berries · ✦ relic · ◌ wall gap
Your base· Open — 13t gap
Boa's base· Open — unwalled flank
Smoothed initial terrain · ◌ = detected wall gap · hover for details
Inputs per minute
— Colem - - Boa
Build order — Colem
First 150 of 290 actions detected
| 0:00 | Create | Villager (Male) |
| 0:01 | Create | Villager (Male) |
| 0:02 | Build | House |
| 0:02 | Build | House |
| 0:10 | Create | Villager (Male) |
| 0:10 | Create | Villager (Male) |
| 0:10 | Create | Villager (Male) |
| 1:27 | Create | Villager (Male) |
| 1:27 | Create | Villager (Male) |
| 1:57 | Build | Lumber Camp |
| 1:59 | Create | Villager (Male) |
| 1:59 | Create | Villager (Male) |
| 2:13 | Create | Villager (Male) |
| 2:53 | Create | Villager (Male) |
| 3:08 | Create | Villager (Male) |
| 3:39 | Create | Villager (Male) |
| 3:58 | Build | House |
| 4:08 | Create | Villager (Male) |
| 4:28 | Create | Villager (Male) |
| 4:34 | Build | Barracks |
| 4:53 | Create | Villager (Male) |
| 4:53 | Create | Villager (Male) |
| 5:19 | Build | House |
| 5:29 | Create | Militia |
| 5:44 | Create | Militia |
| 5:49 | Create | Villager (Male) |
| 6:11 | Create | Villager (Male) |
| 6:22 | Build | Mill |
| 6:36 | Create | Villager (Male) |
| 6:37 | Create | Militia |
| 6:54 | Create | Villager (Male) |
| 7:05 | Build | House |
| 7:26 | Create | Villager (Male) |
| 7:44 | Research | Loom |
| 8:10 | Research | Feudal Age |
| 8:42 | Build | Farm |
| 8:53 | Build | Farm |
| 8:57 | Build | Farm |
| 9:35 | Build | Mining Camp |
| 9:48 | Create | Villager (Male) |
| 10:31 | Age | Feudal Age |
| 10:33 | Build | Archery Range |
| 10:34 | Research | Man-at-Arms (upgrade) |
| 10:39 | Research | Double-Bit Axe |
| 10:44 | Create | Villager (Male) |
| 10:49 | Build | Farm |
| 11:05 | Build | House |
| 11:13 | Create | Villager (Male) |
| 11:21 | Create | Spearman |
| 11:24 | Create | Militia |
| 11:46 | Create | Villager (Male) |
| 11:52 | Create | Archer |
| 11:54 | Build | House |
| 11:55 | Build | Palisade Wall |
| 11:58 | Build | Palisade Wall |
| 12:04 | Create | Militia |
| 12:13 | Create | Villager (Male) |
| 12:25 | Create | Villager (Male) |
| 12:28 | Build | Farm |
| 12:29 | Build | Farm |
| 12:29 | Build | Farm |
| 12:30 | Create | Villager (Male) |
| 12:32 | Create | Militia |
| 12:39 | Create | Archer |
| 12:51 | Create | Villager (Male) |
| 13:03 | Build | Blacksmith |
| 13:12 | Create | Archer |
| 13:23 | Create | Villager (Male) |
| 13:32 | Build | Farm |
| 13:35 | Create | Villager (Male) |
| 13:43 | Create | Archer |
| 13:47 | Build | House |
| 13:52 | Create | Archer |
| 14:01 | Research | Fletching |
| 14:30 | Create | Villager (Male) |
| 14:34 | Build | Farm |
| 14:36 | Create | Archer |
| 15:01 | Create | Villager (Male) |
| 15:02 | Build | Farm |
| 15:06 | Build | Farm |
| 15:12 | Build | Farm |
| 15:13 | Build | Farm |
| 15:14 | Create | Villager (Male) |
| 15:15 | Create | Archer |
| 15:38 | Build | House |
| 16:08 | Create | Villager (Male) |
| 16:10 | Build | House |
| 16:52 | Research | Castle Age |
| 16:53 | Create | Archer |
| 16:57 | Build | Archery Range |
| 17:41 | Create | Villager (Male) |
| 17:45 | Build | Lumber Camp |
| 17:59 | Create | Archer |
| 17:59 | Create | Archer |
| 18:57 | Create | Archer |
| 18:57 | Create | Archer |
| 19:32 | Age | Castle Age |
| 19:36 | Research | Crossbowman (upgrade) |
| 19:39 | Research | Bodkin Arrow |
| 19:41 | Build | University |
| 19:43 | Create | Villager (Male) |
| 19:59 | Build | Town Center |
| 20:00 | Create | Villager (Male) |
| 20:17 | Create | Archer |
| 20:17 | Create | Archer |
| 20:24 | Create | Villager (Male) |
| 20:42 | Create | Archer |
| 20:42 | Create | Archer |
| 20:43 | Create | Villager (Male) |
| 20:43 | Create | Villager (Male) |
| 21:32 | Create | Villager (Male) |
| 21:55 | Research | Ballistics |
| 21:55 | Research | Ballistics |
| 22:06 | Create | Villager (Male) ×5 |
| 22:25 | Create | Archer |
| 22:25 | Create | Archer |
| 22:31 | Build | Farm |
| 22:35 | Build | House |
| 22:44 | Build | House |
| 22:45 | Build | House |
| 22:45 | Build | House |
| 22:47 | Create | Archer |
| 22:47 | Create | Archer |
| 23:15 | Create | Archer |
| 23:16 | Create | Villager (Male) |
| 23:16 | Create | Villager (Male) |
| 23:25 | Research | Thumb Ring |
| 23:33 | Research | Wheelbarrow |
| 23:39 | Create | Archer |
| 23:40 | Create | Archer |
| 24:01 | Build | House |
| 24:02 | Build | House |
| 24:06 | Research | Town Watch |
| 24:07 | Create | Archer |
| 24:48 | Create | Archer |
| 24:48 | Create | Archer |
| 24:49 | Create | Villager (Male) ×3 |
| 25:08 | Build | Farm |
| 25:09 | Build | Farm |
| 25:10 | Build | Farm |
| 25:11 | Build | Farm |
| 25:15 | Create | Archer |
| 25:15 | Create | Archer |
| 25:23 | Create | Villager (Male) |
| 25:25 | Build | Town Center |
| 25:39 | Create | Archer |
| 25:39 | Create | Archer |
| 25:46 | Create | Villager (Male) |
| 25:46 | Create | Villager (Male) |
| 26:23 | Create | Villager (Male) |
Build order — Boa
First 150 of 407 actions detected
| 0:00 | Create | Villager (Male) |
| 0:00 | Create | Villager (Male) |
| 0:02 | Build | House |
| 0:03 | Build | House |
| 0:03 | Create | Villager (Male) |
| 0:06 | Create | Villager (Male) |
| 1:18 | Create | Villager (Male) |
| 1:48 | Create | Villager (Male) |
| 2:11 | Create | Villager (Male) |
| 2:40 | Create | Villager (Male) |
| 2:47 | Build | Lumber Camp |
| 3:22 | Create | Villager (Male) |
| 3:22 | Create | Villager (Male) |
| 3:24 | Create | Villager (Male) |
| 3:59 | Create | Villager (Male) |
| 4:00 | Create | Villager (Male) |
| 4:10 | Build | House |
| 4:26 | Create | Villager (Male) |
| 4:32 | Create | Villager (Male) |
| 5:09 | Build | House |
| 5:24 | Create | Villager (Male) |
| 5:24 | Create | Villager (Male) |
| 5:25 | Create | Villager (Male) |
| 5:36 | Build | Palisade Wall |
| 6:23 | Build | Mill |
| 7:27 | Build | Mining Camp |
| 7:29 | Create | Villager (Male) |
| 7:44 | Research | Loom |
| 8:17 | Build | Palisade Wall |
| 8:19 | Build | Palisade Wall |
| 8:21 | Build | Palisade Wall |
| 8:22 | Build | Palisade Wall |
| 8:29 | Research | Feudal Age |
| 8:45 | Build | Palisade Wall |
| 8:47 | Build | Palisade Wall |
| 8:48 | Build | Palisade Wall |
| 8:49 | Build | Palisade Wall |
| 8:55 | Build | Palisade Wall |
| 8:56 | Build | Palisade Wall |
| 9:20 | Build | Palisade Wall |
| 9:21 | Build | Palisade Wall |
| 9:22 | Build | Palisade Wall |
| 9:36 | Build | Palisade Wall |
| 9:37 | Build | Palisade Wall |
| 9:38 | Build | Palisade Wall |
| 9:39 | Build | Palisade Wall |
| 10:18 | Create | Villager (Male) |
| 10:19 | Create | Villager (Male) |
| 10:38 | Age | Feudal Age |
| 10:42 | Build | Market |
| 10:45 | Build | Blacksmith |
| 11:24 | Build | Palisade Wall |
| 11:34 | Build | Palisade Wall |
| 11:34 | Build | Palisade Wall |
| 11:36 | Build | Palisade Wall |
| 12:01 | Research | Castle Age |
| 12:02 | Research | Castle Age |
| 12:20 | Build | Palisade Wall |
| 12:48 | Build | Farm |
| 12:54 | Research | Double-Bit Axe |
| 12:58 | Build | Palisade Wall |
| 13:09 | Build | Farm |
| 13:21 | Build | House |
| 13:34 | Create | Villager (Male) |
| 14:08 | Build | House |
| 14:10 | Build | House |
| 14:18 | Create | Villager (Male) |
| 14:41 | Age | Castle Age |
| 15:06 | Build | Castle |
| 15:19 | Create | Villager (Male) |
| 15:21 | Build | Farm |
| 15:23 | Build | Farm |
| 15:30 | Build | Lumber Camp |
| 15:39 | Build | Farm |
| 15:39 | Create | Villager (Male) |
| 16:06 | Build | Mining Camp |
| 16:27 | Create | Longbowman |
| 16:27 | Create | Longbowman |
| 16:34 | Build | Farm |
| 16:40 | Create | Villager (Male) |
| 16:47 | Build | Farm |
| 16:55 | Create | Longbowman |
| 17:07 | Create | Villager (Male) |
| 17:20 | Create | Longbowman |
| 17:20 | Create | Longbowman |
| 17:26 | Create | Longbowman |
| 17:31 | Create | Longbowman |
| 17:49 | Create | Longbowman |
| 17:52 | Create | Longbowman |
| 17:53 | Create | Villager (Male) |
| 18:04 | Create | Villager (Male) |
| 18:11 | Research | Fletching |
| 18:27 | Build | Farm |
| 18:32 | Create | Longbowman |
| 18:32 | Create | Longbowman |
| 18:42 | Build | Farm |
| 18:42 | Create | Villager (Male) |
| 18:45 | Create | Villager (Male) |
| 19:01 | Build | House |
| 19:20 | Create | Villager (Male) |
| 19:48 | Build | Town Center |
| 19:50 | Create | Villager (Male) |
| 19:53 | Build | House |
| 19:54 | Build | House |
| 19:54 | Create | Villager (Male) |
| 19:58 | Create | Longbowman |
| 19:58 | Create | Longbowman |
| 19:59 | Create | Longbowman |
| 19:59 | Create | Longbowman |
| 20:02 | Create | Longbowman |
| 20:13 | Create | Villager (Male) |
| 20:21 | Build | Farm |
| 20:32 | Create | Villager (Male) |
| 20:34 | Create | Longbowman |
| 20:48 | Build | Farm |
| 20:48 | Build | Farm |
| 20:48 | Build | Farm |
| 20:49 | Create | Villager (Male) |
| 21:02 | Create | Longbowman |
| 21:02 | Create | Longbowman |
| 21:14 | Create | Longbowman |
| 21:16 | Create | Villager (Male) |
| 21:18 | Create | Longbowman |
| 21:31 | Create | Villager (Male) |
| 21:35 | Build | Farm |
| 21:49 | Create | Villager (Male) |
| 22:04 | Create | Villager (Male) |
| 22:21 | Create | Villager (Male) |
| 22:27 | Build | Town Center |
| 22:29 | Create | Villager (Male) |
| 22:39 | Create | Villager (Male) |
| 22:41 | Create | Villager (Male) |
| 22:45 | Create | Villager (Male) |
| 22:47 | Create | Villager (Male) |
| 22:50 | Create | Longbowman |
| 22:52 | Create | Villager (Male) |
| 22:55 | Create | Villager (Male) |
| 22:56 | Build | Farm |
| 22:58 | Create | Longbowman |
| 23:21 | Research | Bodkin Arrow |
| 23:31 | Create | Villager (Male) |
| 23:35 | Create | Villager (Male) |
| 23:36 | Create | Longbowman |
| 23:47 | Build | Farm |
| 23:48 | Create | Villager (Male) |
| 24:11 | Create | Villager (Male) |
| 24:35 | Create | Villager (Male) |
| 24:40 | Create | Villager (Male) |
| 24:49 | Build | Monastery |
| 24:51 | Build | University |
Match timeline
| 4:34 | Colem · first_building Barracks |
| 5:36 | Boa · wall_segment Palisade Wall x4 |
| 8:17 | Boa · wall_segment Palisade Wall x1 |
| 8:19 | Boa · wall_segment Palisade Wall x1 |
| 8:21 | Boa · wall_segment Palisade Wall x1 |
| 8:22 | Boa · wall_segment Palisade Wall x1 |
| 8:45 | Boa · wall_segment Palisade Wall x1 |
| 8:47 | Boa · wall_segment Palisade Wall x1 |
| 8:48 | Boa · wall_segment Palisade Wall x1 |
| 8:49 | Boa · wall_segment Palisade Wall x1 |
| 8:55 | Boa · wall_segment Palisade Wall x1 |
| 8:56 | Boa · wall_segment Palisade Wall x1 |
| 9:20 | Boa · wall_segment Palisade Wall x1 |
| 9:21 | Boa · wall_segment Palisade Wall x1 |
| 9:22 | Boa · wall_segment Palisade Wall x1 |
| 9:36 | Boa · wall_segment Palisade Wall x1 |
| 9:37 | Boa · wall_segment Palisade Wall x1 |
| 9:38 | Boa · wall_segment Palisade Wall x1 |
| 9:39 | Boa · wall_segment Palisade Wall x1 |
| 10:31 | Colem · age_up feudal |
| 10:33 | Colem · first_building Archery Range |
| 10:38 | Boa · age_up feudal |
| 11:24 | Boa · wall_segment Palisade Wall x1 |
| 11:34 | Boa · wall_segment Palisade Wall x1 |
| 11:34 | Boa · wall_segment Palisade Wall x1 |
| 11:36 | Boa · wall_segment Palisade Wall x1 |
| 11:55 | Colem · wall_segment Palisade Wall x1 |
| 11:56 | Boa · first_market_sell 100 stone |
| 11:58 | Colem · wall_segment Palisade Wall x6 |
| 12:20 | Boa · wall_segment Palisade Wall x1 |
| 12:58 | Boa · wall_segment Palisade Wall x1 |
| 14:41 | Boa · age_up castle |
| 15:06 | Boa · first_building Castle |
| 18:03 | Boa · first_market_buy 100 food |
| 19:32 | Colem · age_up castle |
| 24:49 | Boa · first_building Monastery |
| 26:45 | Colem · first_building Siege Workshop |
| 26:55 | Boa · wall_segment Palisade Wall x1 |
| 30:27 | Boa · first_building Siege Workshop |
| 30:37 | Colem · first_building Castle |
| 34:26 | Colem · first_market_sell 100 food |
| 36:24 | Colem · first_building Monastery |
| 37:46 | Colem · age_up imperial |
| 39:59 | Boa · age_up imperial |
| 40:48 | Colem · wall_segment Stone Wall x1 |
| 44:19 | Boa · resign |
[ AI ANALYSIS · 1 CREDIT ]
What really happened in this match?
Wolo.gg analyzes every decision: build order, eco, micro, common mistakes by bracket. Personalized analysis on WhatsApp or Discord in 30 seconds.
Civ guide
Koreans
Perfil
Colem